 Dungeon Crawl Stone Soup version 0.25.1-2-g60ff931df9 (webtiles) character file.

Game seed: 10143524262472941914

8628 Delamore the Blocker (level 11, -3/63 HPs)
             Began as a Gargoyle Fighter on Aug 31, 2020.
             Was a Priest of Okawaru.
             Slain by a reaper
             ... wielding a +3 scythe of venom
              (41 damage)
             ... in a Gauntlet.
             The game lasted 00:10:33 (9150 turns).

Delamore the Blocker (Gargoyle Fighter)             Turns: 9150, Time: 00:10:34

Health: -3/63      AC: 29    Str: 30    XL:     11   Next: 33%
Magic:  10/11      EV: 11    Int:  8    God:    Okawaru [***...]
Gold:   435        SH: 15    Dex:  9    Spells: 10/10 levels left

rFire    + + .     SeeInvis .   x - +0 whip (elec)
rCold    + . .     Gourm    .   c - +0 kite shield
rNeg     + . .     Faith    .   b - +2 chain mail {rF+}
rPois    ∞         Spirit   .   m - +2 helmet of the Playwright {rF+ rC+}
rElec    +         Reflect  .   J - +0 cloak
rCorr    .         Harm     .   C - +0 pair of gloves
MR       .....     NoTele   +   t - +0 pair of boots
Stlth    ..........             (no amulet)
HPRegen  0.20/turn              l - ring of wizardry
MPRegen  0.12/turn              O - +6 ring of strength

@: mighty, heroism
A: negative energy resistance 1, electricity resistance, unbreathing,
petrification resistance, rot immunity, AC +8
a: Heroism, Renounce Religion


You were in a Gauntlet.
You worshipped Okawaru.
Okawaru was most pleased with you.
You were not hungry.

You visited 3 branches of the dungeon, and saw 10 of its levels.
You also visited: Gauntlet.

You collected 435 gold pieces.

Inventory:

Hand Weapons
 a - a +0 flail
 k - a +0 morningstar
 x - a +0 whip of electrocution (weapon)
 z - a +4 flail
Missiles
 e - 8 silver javelins (quivered)
 R - 3 throwing nets
Armour
 b - a +2 chain mail of fire resistance (worn)
 c - a +0 kite shield (worn)
 m - the +2 helmet of the Playwright (worn) {rF+ rC+}
   (You found it in a Gauntlet)

   It protects you from fire.
   It protects you from cold.
 t - a +0 pair of boots (worn)
 C - a +0 pair of gloves (worn)
 J - a +0 cloak (worn)
Jewellery
 l - a ring of wizardry (left hand)
 p - an uncursed ring of wizardry
 s - an uncursed ring of fire
 O - a +6 ring of strength (right hand)
Wands
 q - a wand of clouds (5)
 A - a wand of polymorph (17)
 L - a wand of enslavement (8)
 P - a wand of iceblast (18)
Scrolls
 h - a scroll of fear
 r - 2 scrolls of remove curse
 u - a scroll of silence
 v - a scroll of enchant armour
 y - 3 scrolls of amnesia
 E - 2 scrolls of blinking
 G - 2 scrolls of enchant weapon
 H - a scroll of random uselessness {unknown}
 I - 2 scrolls of teleportation {unknown}
 K - a scroll of fog {unknown}
 M - a scroll of holy word
Potions
 d - 3 potions of might
 g - a potion of stabbing {unknown}
 i - 2 potions of curing
 j - 3 potions of heal wounds
 n - 2 potions of degeneration {unknown}
 o - 2 potions of magic {unknown}
 B - 2 potions of mutation {unknown}
 D - a potion of flight {unknown}
 F - 2 potions of haste {unknown}
 N - a potion of brilliance {unknown}
Comestibles
 f - 27 rations


   Skills:
 - Level 5.0(10.0) Fighting
 + Level 11.8(16.8) Maces & Flails
 - Level 5.0(10.0) Armour
 + Level 12.8(17.8) Shields


You had 10 spell levels left.
You didn't know any spells.
Your spell library was empty.

Dungeon Overview and Level Annotations

Branches:
Dungeon (8/15)             Temple (1/1) D:7            Lair (1/6) D:8
Gauntlet (1/1)

Altars:
Ashenzari
Cheibriados
Dithmenos
Elyvilon
Fedhas
Gozag
Hepliaklqana
Kikubaaqudgha
Makhleb
Nemelex Xobeh
Okawaru
Qazlal
Ru
Sif Muna
Trog
Uskayaw
Vehumet
Wu Jian
Xom
Yredelemnul
Zin
The Shining One

Annotations:
Gauntlet 7 transporters


Innate Abilities, Weirdness & Mutations

You are resistant to torment.
Your stone body is resilient. (AC +8)
You are immune to poison.
You resist negative energy. (rN+)
You are resistant to electric shocks. (rElec)
You can survive without breathing.
You are immune to petrification.
You are immune to rotting.


Message History

The hellwing hits you!
The hellwing hits you but does no damage.
You block the reaper's attack. The hellwing hits you. x2
You whack the hellwing!
You kill the hellwing!
Okawaru accepts your kill.
You whack the hellwing! Lightning courses through the hellwing!
The hellwing is heavily wounded.
The hellwing misses you. x2
The reaper hits you but does no damage.
You thrash the reaper!! Lightning courses through the reaper!
The reaper is heavily wounded.
You whack the reaper!
The reaper is heavily wounded.
You block the hellwing's attack.
The hellwing hits you but does no damage.
The reaper says, "Everyone has to die sometime, and your time is now."
The reaper hits you with a +3 scythe of venom!!!
Ouch! That really hurt!
You die...

8#..#..[.©....#...#..:)©.[
##..###########...########
#.....#.©.#....§....#.©.#
#...8.#...#...≈8≈...#...#
8#.....#.©.#....≈....#.©.#
##..###########...########
#..#....4....#...#5≈...≈≈
#..#..##2##..#...#.≈^.≈..
..#.##.@.##.#...#.≈≈.≈≈^
..#.#..4..#.#...#.^≈...≈
..#....©....#...#≈≈.≈.≈.
..#.#.....#.#...#2≈.≈≈≈.
..#.##...##.#...#5.≈^.^≈
.. ..##.##..#...#.≈^≈... .
..![©.=..#...#?≈..©[≈
##########...########
.....................


You could see a reaper and 2 hellwings.

Vanquished Creatures
  Harold (D:7)
  A two-headed ogre (D:7)
  Pikel (D:6)
  A moth of wrath (Gauntlet)
  A torpor snail (Gauntlet)
  A komodo dragon (D:8)
  Maggie (D:6)
  A hellwing (Gauntlet)
  Grinder (D:6)
  4 redbacks (Gauntlet)
  Sigmund (D:4)
  A wraith (D:6)
  4 hogs (D:8)
  A basilisk (Lair:1)
  A human (D:8)
  A hungry ghost (D:8)
  A water moccasin (Lair:1)
  2 orc warriors
  2 porcupines (Lair:1)
  A sky beast (D:7)
  2 slaves
  A necrophage (D:8)
  2 centaurs
  An ice beast (D:6)
  A phantom (D:8)
  3 wolves (Gauntlet)
  3 ogres
  A crocodile (Lair:1)
  3 bullfrogs
  4 scorpions
  3 killer bees (D:8)
  4 howler monkeys
  A bullfrog zombie (D:6)
  2 crimson imps
  3 hounds
  2 orc priests
  A centaur skeleton (D:7)
  A bullfrog skeleton (D:8)
  Jessica (D:2)
  Natasha (thrice) (D:4)
  8 iguanas
  7 worker ants
  7 orc wizards
  A hound skeleton (D:6)
  A worker ant zombie (D:8)
  3 gnolls (D:6)
  2 howler monkey skeletons (D:5)
  11 adders
  2 shadow imps
  2 oozes
  An adder skeleton (D:5)
  3 worms
  2 leopard geckos
  22 orcs
  A ball python (D:2)
  15 bats
  3 giant cockroaches
  7 goblins
  4 hobgoblins
  4 jackals (D:3)
  4 quokkas
  10 frilled lizards
  6 kobolds
  A leopard gecko skeleton (D:4)
  A leopard gecko zombie (D:7)
  10 rats
208 creatures vanquished.

Vanquished Creatures (others)
  A slave (D:6)
  A hound (D:6)
  A gnoll (D:6)
  An adder skeleton (D:6)
  2 fungi (Gauntlet)
  11 plants
17 creatures vanquished.

Grand Total: 225 creatures vanquished

Notes
Turn   | Place    | Note
-------+----------+-------------------------------------------
     0 | D:1      | Delamore the Gargoyle Fighter began the quest for the Orb.
     0 | D:1      | Reached XP level 1. HP: 14/14 MP: 1/1
    38 | D:1      | Reached XP level 2. HP: 17/19 MP: 2/2
   882 | D:2      | Reached XP level 3. HP: 23/23 MP: 3/3
  1091 | D:2      | Reached XP level 4. HP: 29/29 MP: 4/4
  1316 | D:2      | Found a shadowy altar of Dithmenos.
  1382 | D:2      | Noticed Jessica
  1393 | D:2      | Killed Jessica
  1393 | D:2      | Reached skill level 4 in Shields
  1790 | D:3      | Reached XP level 5. HP: 23/33 MP: 5/5
  2519 | D:3      | Reached XP level 6. HP: 39/39 MP: 6/6
  3247 | D:4      | Noticed Natasha
  3261 | D:4      | Killed Natasha
  3308 | D:4      | Noticed Sigmund
  3371 | D:4      | Killed Sigmund
  3371 | D:4      | Reached skill level 5 in Fighting
  3371 | D:4      | Reached skill level 5 in Armour
  3371 | D:4      | Reached skill level 5 in Shields
  3371 | D:4      | Reached XP level 7. HP: 44/44 MP: 7/7
  3450 | D:4      | Noticed Natasha
  3695 | D:4      | Reached skill level 5 in Maces & Flails
  4068 | D:4      | Killed Natasha
  4068 | D:4      | Reached skill level 6 in Shields
  4161 | D:4      | Noticed Natasha
  4168 | D:4      | Killed Natasha
  4212 | D:5      | Entered Level 5 of the Dungeon
  4226 | D:5      | Found a shattered altar of Ashenzari.
  4252 | D:5      | Reached XP level 8. HP: 49/49 MP: 8/8
  4319 | D:6      | Noticed Maggie
  4339 | D:6      | Killed Maggie
  4339 | D:6      | Reached skill level 7 in Shields
  4804 | D:5      | Found a burning altar of Makhleb.
  5064 | D:5      | Reached skill level 8 in Shields
  5548 | D:6      | Reached XP level 9. HP: 54/54 MP: 9/9
  5560 | D:6      | Noticed Pikel
  5751 | D:6      | Killed Pikel
  5751 | D:6      | Reached skill level 9 in Shields
  5842 | D:6      | Noticed Grinder
  5855 | D:6      | Paralysed by Grinder for 4 turns
  5877 | D:6      | Killed Grinder
  6321 | D:6      | Reached skill level 10 in Shields
  6469 | D:7      | Noticed Harold
  6482 | D:7      | Killed Harold
  6482 | D:7      | Reached XP level 10. HP: 41/59 MP: 10/10
  6583 | D:7      | Found a staircase to the Ecumenical Temple.
  6633 | Temple   | Entered the Ecumenical Temple
  6800 | Temple   | Became a worshipper of Warmaster Okawaru
  7164 | D:8      | Reached skill level 10 in Maces & Flails
  7324 | D:8      | Reached skill level 11 in Shields
  7588 | D:8      | Reached * piety under Okawaru
  7681 | D:8      | Noticed a two-headed ogre
  7716 | D:7      | Killed a two-headed ogre
  8001 | D:8      | Found a staircase to the Lair.
  8052 | D:8      | Reached ** piety under Okawaru
  8192 | D:8      | Reached skill level 12 in Shields
  8504 | Lair:1   | Entered Level 1 of the Lair of Beasts
  8541 | Lair:1   | Reached XP level 11. HP: 29/63 MP: 11/11
  8687 | Lair:1   | Found a gate leading to a gauntlet.
  8714 | Gauntlet | Entered a Gauntlet
  8714 | Gauntlet | Found a transporter.
  8714 | Gauntlet | Found a transporter.
  8714 | Gauntlet | Found a transporter.
  8719 | Gauntlet | Found a transporter.
  8721 | Gauntlet | Found a transporter.
  8731 | Gauntlet | Noticed a moth of wrath
  8732 | Gauntlet | Found a transporter.
  8736 | Gauntlet | Found a transporter.
  8745 | Gauntlet | Noticed a reaper
  8746 | Gauntlet | Found a transporter.
  8746 | Gauntlet | Found a transporter.
  8746 | Gauntlet | Noticed a dire elephant
  8746 | Gauntlet | Noticed a reaper
  8747 | Gauntlet | Found a transporter.
  8751 | Gauntlet | Found a transporter.
  8791 | Gauntlet | Found a transporter.
  8853 | Gauntlet | Got a dazzling helmet
  8866 | Gauntlet | Identified the +2 helmet of the Playwright {rF+ rC+} (You
                  | found it in a Gauntlet)
  8881 | Gauntlet | Killed a moth of wrath
  8881 | Gauntlet | Reached *** piety under Okawaru
  9150 | Gauntlet | Slain by a reaper

Illustrated notes

Levels and vault maps discovered:
D:1:      scummos_arrival_simple_crosswalls, layout_basic,
          hangedman_decor_clover_reticule
D:2:      layout_basic, nicolae_dithmenos_through_a_glass_darkly, uniq_jessica
D:3:      layout_rooms
D:4:      layout_gridville, uniq_natasha, uniq_sigmund
D:5:      layout_gridville, first_ration, basic_altar, serial_glass,
          glass_columns_b, glass_columns_a, glass_columns_b, glass_columns_b,
          glass_columns_a, glass_columns_b, glass_columns_a, glass_columns_c,
          nicolae_ashenzari_panopticon
D:6:      layout_basic, uniq_grinder, uniq_maggie, uniq_pikel
D:7:      layout_rooms, minmay_temple_entry_statues_fountains, uniq_harold
D:8:      layout_cave_pools, david_lair_shrubbed, grunt_livestock
Temple:   kilobyte_greek_temple
Lair:1:   beast_lair_carwin_large_2, layout_big_grid, gauntlet_entry_generic,
          serial_bayou_shore_a, wad_woods_river_01
Gauntlet: gammafunk_gauntlet_hard_choice [gammafunk_gauntlet_arena_split_x,
          nicolae_gauntlet_arena_grate_2, gammafunk_gauntlet_arena_grid,
          gammafunk_gauntlet_arena_hedges,
          gammafunk_gauntlet_arena_split_diamond,
          nicolae_gauntlet_arena_flowing_pool, gauntlet_exit_watery]

Skill      XL: |  1  2  3  4  5  6  7  8  9 10 |
---------------+-------------------------------+-----
Fighting       | 4 5 |  5.0
Armour         | 4 5 |  5.0
Shields        | 4 5 6 8 10 12 | 12.8
Maces & Flails | 3 4 5 7 9 11 | 11.8

Action                   |  1- 3 |  4- 6 |  7- 9 | 10-12 || total
-------------------------+-------+-------+-------+-------++-------
Melee: Flail             |   120 |    97 |   214 |       ||   431
       Morningstar       |       |   220 |       |       ||   220
       Unarmed           |       |     4 |       |       ||     4
       Whip              |       |       |    89 |   434 ||   523
Throw: Javelin           |       |       |     6 |     2 ||     8
Invok: Heroism           |       |       |       |     1 ||     1
Evoke: Wand              |       |       |     1 |       ||     1
  Use: Scroll            |       |       |     5 |     5 ||    10
       Potion            |       |       |     2 |     1 ||     3
  Eat: Chunk             |     1 |     8 |    10 |    11 ||    30
Armor: Scale mail        |    84 |   257 |     3 |       ||   344
       Skin              |       |     4 |       |       ||     4
       Chain mail        |       |       |   146 |   184 ||   330
Dodge: Dodged            |    71 |   137 |    68 |    67 ||   343
Block: Kite shield       |    75 |   220 |   172 |   230 ||   697
